| TOP OF THE 1ST |
|
New York Yankees batting - Pitching for Montreal Expos : RHP Julian Black
|
|
Pitching: RHP Julian Black
|
|
|
Batting: RHB Russ Shambaugh
|
0-0: SINGLE (Flyball, 8RS, EV 96.9 MPH)
|
|
Batting: RHB Jeckel Hester
|
0-0: Called Strike 0-1: Ball 1-1: Sac Bunt to 25 - play at first, batter OUT! 5-3 Russ Shambaugh to second
|
|
Batting: SHB Bartholomeu Chambino
|
0-0: Ball 1-0: Ball 2-0: Ground out 6-3 (Groundball, 6, EV 105.6 MPH)
|
|
Batting: SHB Gus Berry
|
0-0: Foul Ball, location: 2F 0-1: Ball 1-1: Swinging Strike 1-2: Ball 2-2: Ball 3-2: Foul Ball, location: 2F 3-2: Base on Balls
|
|
Batting: RHB Adriaan Pieters
|
0-0: Swinging Strike 0-1: Ground out U3 (Groundball, 3, EV 79.4 MPH)
|
| Top of the 1st over - 0 runs, 1 hit, 0 errors, 2 left on base; New York 0 - Montreal 0 |
| BOTTOM OF THE 1ST |
|
Montreal Expos batting - Pitching for New York Yankees : LHP Arturo Eli
|
|
Pitching: LHP Arturo Eli
|
|
|
Batting: RHB John Ham
|
0-0: Ball 1-0: Ball 2-0: Ball 3-0: Called Strike 3-1: Ground out 6-3 (Groundball, 6M, EV 106.2 MPH)
|
|
Batting: RHB Steve French
|
0-0: Ball 1-0: Ball 2-0: Ball 3-0: Base on Balls
|
|
Batting: SHB Joey Pacheco
|
0-0: Ball 1-0: Grounds into double play, 6-4-3 (Groundball, 6, EV 106.2 MPH)
|
| Bottom of the 1st over - 0 runs, 0 hits, 0 errors, 0 left on base; New York 0 - Montreal 0 |
| TOP OF THE 2ND |
|
New York Yankees batting - Pitching for Montreal Expos : RHP Julian Black
|
|
Batting: SHB Mukhtar Wa'il
|
0-0: Foul Ball, location: 2F 0-1: Called Strike 0-2: SOLO HOME RUN (Flyball, 89XD, EV 96.9 MPH), Distance : 392 ft
|
|
Batting: RHB Shiro Suehiro
|
0-0: Swinging Strike 0-1: Foul Ball, location: 2F 0-2: Fly out, F7 (Flyball, 7LD, EV 87.5 MPH)
|
|
Batting: RHB Ryan Neal
|
0-0: Called Strike 0-1: Foul Ball, location: 2F 0-2: Ball 1-2: Strikes out swinging
|
|
Batting: LHB Dan Morris
|
0-0: Called Strike 0-1: Ball 1-1: Ball 2-1: Foul Ball, location: 2F 2-2: Ball 3-2: Fly out, F8 (Flyball, 8LXD, EV 88.1 MPH)
|
| Top of the 2nd over - 1 run, 1 hit, 0 errors, 0 left on base; New York 1 - Montreal 0 |
| BOTTOM OF THE 2ND |
|
Montreal Expos batting - Pitching for New York Yankees : LHP Arturo Eli
|
|
Batting: RHB Jonathan Fraire
|
0-0: Ball 1-0: SOLO HOME RUN (Flyball, 78XD, EV 98.1 MPH), Distance : 396 ft
|
|
Batting: RHB Tommy Mize
|
0-0: Swinging Strike 0-1: Foul Ball, location: 2F 0-2: Ball 1-2: Foul Ball, location: 2F 1-2: Ground out 5-3 (Groundball, 5, EV 99.4 MPH)
|
|
Batting: LHB Austin Ohmer
|
0-0: Foul Ball, location: 2F 0-1: Ball 1-1: Foul Ball, location: 2F 1-2: Ball 2-2: Strikes out swinging
|
|
Batting: RHB EugĂȘnio Asceno
|
0-0: Called Strike 0-1: Ball 1-1: Swinging Strike 1-2: Foul Ball, location: 2F 1-2: Foul Ball, location: 2F 1-2: Ground out 6-3 (Groundball, 6S, EV 88.1 MPH)
|
| Bottom of the 2nd over - 1 run, 1 hit, 0 errors, 0 left on base; New York 1 - Montreal 1 |
| TOP OF THE 3RD |
|
New York Yankees batting - Pitching for Montreal Expos : RHP Julian Black
|
|
Batting: RHB Russ Shambaugh
|
0-0: Ball 1-0: Swinging Strike 1-1: Ground out 5-3 (Groundball, 5, EV 77.5 MPH)
|
|
Batting: RHB Jeckel Hester
|
0-0: Called Strike 0-1: Ball 1-1: Fly out, F4 (Line Drive, 4, EV 73.8 MPH)
|
|
Batting: SHB Bartholomeu Chambino
|
0-0: Foul Ball, location: 2F 0-1: Ball 1-1: Foul Ball, location: 2F 1-2: Foul Ball, location: 2F 1-2: Ball 2-2: Foul Ball, location: 2F 2-2: Foul Ball, location: 2F 2-2: Ball 3-2: Base on Balls
|
|
Batting: SHB Gus Berry
|
0-0: Called Strike Bartholomeu Chambino is caught stealing 2nd base 2-6
|
| Top of the 3rd over - 0 runs, 0 hits, 0 errors, 0 left on base; New York 1 - Montreal 1 |
| BOTTOM OF THE 3RD |
|
Montreal Expos batting - Pitching for New York Yankees : LHP Arturo Eli
|
|
Batting: SHB Lou Kroneman
|
0-0: Ball 1-0: SOLO HOME RUN (Flyball, 9D, EV 96.2 MPH), Distance : 375 ft
|
|
Batting: RHB Danny Diaz
|
0-0: Ground out 3-1 (Groundball, 34S, EV 91.9 MPH)
|
|
Batting: RHB John Ham
|
0-0: Ball 1-0: Reached on error, E5 (Groundball, 5S, EV 83.8 MPH)
|
|
Batting: RHB Steve French
|
0-0: Grounds into double play, 4-6-3 (Groundball, 4, EV 85.0 MPH)
|
| Bottom of the 3rd over - 1 run, 1 hit, 1 error, 0 left on base; New York 1 - Montreal 2 |
| TOP OF THE 4TH |
|
New York Yankees batting - Pitching for Montreal Expos : RHP Julian Black
|
|
Batting: SHB Gus Berry
|
0-0: Ball 1-0: Swinging Strike 1-1: Swinging Strike 1-2: Strikes out swinging
|
|
Batting: RHB Adriaan Pieters
|
0-0: Fly out, F7 (Flyball, 78D, EV 86.2 MPH)
|
|
Batting: SHB Mukhtar Wa'il
|
0-0: Ball 1-0: Fly out, F8 (Flyball, 78S, EV 70.0 MPH)
|
| Top of the 4th over - 0 runs, 0 hits, 0 errors, 0 left on base; New York 1 - Montreal 2 |
| BOTTOM OF THE 4TH |
|
Montreal Expos batting - Pitching for New York Yankees : LHP Arturo Eli
|
|
Batting: SHB Joey Pacheco
|
0-0: Ball 1-0: Called Strike 1-1: Called Strike 1-2: Foul Ball, location: 2F 1-2: Fly out, F8 (Line Drive, 89M, EV 83.8 MPH)
|
|
Batting: RHB Jonathan Fraire
|
0-0: Called Strike 0-1: Foul Ball, location: 2F 0-2: Ball 1-2: Fly out, F6 (Popup, 6S, EV 61.9 MPH)
|
|
Batting: RHB Tommy Mize
|
0-0: Ball 1-0: Ball 2-0: Ball 3-0: Called Strike 3-1: Base on Balls
|
|
Batting: LHB Austin Ohmer
|
0-0: Called Strike 0-1: Ball 1-1: Fly out, F7 (Flyball, 78D, EV 100.6 MPH)
|
| Bottom of the 4th over - 0 runs, 0 hits, 0 errors, 1 left on base; New York 1 - Montreal 2 |
| TOP OF THE 5TH |
|
New York Yankees batting - Pitching for Montreal Expos : RHP Julian Black
|
|
Batting: RHB Shiro Suehiro
|
0-0: Foul Ball, location: 2F 0-1: Swinging Strike 0-2: Ball 1-2: Foul Ball, location: 2F 1-2: Fly out, F9 (Flyball, 89M, EV 96.9 MPH)
|
|
Batting: RHB Ryan Neal
|
0-0: Ground out 6-3 (Groundball, 6, EV 88.8 MPH)
|
|
Batting: LHB Dan Morris
|
0-0: Ball 1-0: Foul Ball, location: 2F 1-1: Ball 2-1: Ball 3-1: Base on Balls
|
|
Batting: RHB Russ Shambaugh
|
0-0: Ball 1-0: Swinging Strike 1-1: Fielders Choice at 2nd, 6-4 (Groundball, 6, EV 98.1 MPH)
|
| Top of the 5th over - 0 runs, 0 hits, 0 errors, 1 left on base; New York 1 - Montreal 2 |
| BOTTOM OF THE 5TH |
|
Montreal Expos batting - Pitching for New York Yankees : LHP Arturo Eli
|
|
Batting: RHB EugĂȘnio Asceno
|
0-0: Ball 1-0: SOLO HOME RUN (Flyball, 78XD, EV 101.2 MPH), Distance : 402 ft
|
|
Batting: SHB Lou Kroneman
|
0-0: Fly out, F7 (Flyball, 78M, EV 75.6 MPH)
|
|
Batting: RHB Danny Diaz
|
0-0: Called Strike 0-1: Swinging Strike 0-2: Strikes out swinging
|
|
Batting: RHB John Ham
|
0-0: Ball 1-0: Ball 2-0: Called Strike 2-1: Called Strike 2-2: Ball 3-2: Foul Ball, location: 2F 3-2: Ground out 5-3 (Groundball, 56, EV 78.8 MPH)
|
| Bottom of the 5th over - 1 run, 1 hit, 0 errors, 0 left on base; New York 1 - Montreal 3 |
| TOP OF THE 6TH |
|
New York Yankees batting - Pitching for Montreal Expos : RHP Julian Black
|
|
Batting: RHB Jeckel Hester
|
0-0: Ball 1-0: Ball 2-0: Foul Ball, location: 2F 2-1: Ground out 4-3 (Groundball, 4, EV 96.9 MPH)
|
|
Batting: SHB Bartholomeu Chambino
|
0-0: Fly out, F8 (Flyball, 8LD, EV 101.2 MPH)
|
|
Batting: SHB Gus Berry
|
0-0: Ball 1-0: TRIPLE (Flyball, 9LD, EV 108.8 MPH)
|
|
Batting: RHB Adriaan Pieters
|
0-0: Ground out 5-3 (Groundball, 5S, EV 83.8 MPH)
|
| Top of the 6th over - 0 runs, 1 hit, 0 errors, 1 left on base; New York 1 - Montreal 3 |
| BOTTOM OF THE 6TH |
|
Montreal Expos batting - Pitching for New York Yankees : LHP Arturo Eli
|
|
Batting: RHB Steve French
|
0-0: Ball 1-0: Called Strike 1-1: Ball 2-1: Ball 3-1: Foul Ball, location: 2F 3-2: SINGLE (Line Drive, 9S, EV 90.0 MPH)
|
|
Batting: SHB Joey Pacheco
|
0-0: Swinging Strike 0-1: Ball 1-1: Foul Ball, location: 2F 1-2: Foul Ball, location: 2F 1-2: Foul Ball, location: 2F 1-2: Ball 2-2: Ball 3-2: Fly out, F8 (Flyball, 8LD, EV 91.9 MPH)
|
|
Batting: RHB Jonathan Fraire
|
0-0: Ball 1-0: Ball 2-0: Called Strike 2-1: Ball 3-1: Base on Balls Steve French to second
|
|
Batting: RHB Tommy Mize
|
0-0: Ball 1-0: Called Strike 1-1: Ball 2-1: SINGLE (Groundball, 56D, EV 106.2 MPH) Steve French to third Jonathan Fraire to second Runner from 3rd tries for Home, SAFE, throw by LF to home
|
|
Batting: LHB Austin Ohmer
|
0-0: Called Strike 0-1: Called Strike 0-2: Ball 1-2: Ball 2-2: Ball 3-2: Strikes out looking
|
|
Batting: RHB EugĂȘnio Asceno
|
0-0: Called Strike 0-1: Foul Ball, location: 2F 0-2: Fly out, F8 (Flyball, 8LM, EV 78.1 MPH)
|
| Bottom of the 6th over - 1 run, 2 hits, 0 errors, 2 left on base; New York 1 - Montreal 4 |
| TOP OF THE 7TH |
|
New York Yankees batting - Pitching for Montreal Expos : RHP Julian Black
|
|
Batting: SHB Mukhtar Wa'il
|
0-0: Foul Ball, location: 2F 0-1: Swinging Strike 0-2: Foul Ball, location: 2F 0-2: Ball 1-2: Foul Ball, location: 2F 1-2: Strikes out swinging
|
|
Batting: RHB Shiro Suehiro
|
0-0: Foul Ball, location: 2F 0-1: Swinging Strike 0-2: Reached on error, E1 (Groundball, 15S, EV 66.9 MPH)
|
|
Batting: RHB Ryan Neal
|
0-0: Foul Ball, location: 2F 0-1: SINGLE (Groundball, 5S, EV 75.0 MPH) (infield hit) Shiro Suehiro to third
|
|
Batting: LHB Dan Morris
|
0-0: Ball Ryan Neal steals 2nd base (no throw) 1-0: Swinging Strike 1-1: Called Strike 1-2: Ground out 5-3 (Groundball, 25, EV 86.9 MPH)
|
|
Batting: RHB Russ Shambaugh
|
0-0: Called Strike 0-1: Foul Ball, location: 2RF, Error on foul ball, E2 0-2: Foul Ball, location: 2F 0-2: Foul Ball, location: 2F 0-2: Strikes out swinging
|
| Top of the 7th over - 0 runs, 1 hit, 2 errors, 2 left on base; New York 1 - Montreal 4 |
| BOTTOM OF THE 7TH |
|
Montreal Expos batting - Pitching for New York Yankees : LHP Arturo Eli
|
|
Batting: SHB Lou Kroneman
|
0-0: Foul Ball, location: 2F 0-1: Called Strike 0-2: Ball 1-2: Foul Ball, location: 2F 1-2: Ground out U3 (Groundball, 3L, EV 83.1 MPH)
|
|
Batting: RHB Danny Diaz
|
0-0: Called Strike 0-1: Ball 1-1: Called Strike 1-2: Ball 2-2: Foul Ball, location: 2F 2-2: Fly out, F9 (Flyball, 9D, EV 86.2 MPH)
|
|
Batting: RHB John Ham
|
0-0: Ball 1-0: Ball 2-0: Swinging Strike 2-1: Ball 3-1: SOLO HOME RUN (Flyball, 78XD, EV 100.0 MPH), Distance : 399 ft
|
|
Batting: RHB Steve French
|
0-0: Ground out 4-3 (Groundball, 4, EV 91.2 MPH)
|
| Bottom of the 7th over - 1 run, 1 hit, 0 errors, 0 left on base; New York 1 - Montreal 5 |
| TOP OF THE 8TH |
|
New York Yankees batting - Pitching for Montreal Expos : RHP Julian Black
|
|
Now in LF: Bill McGregor
|
|
|
Batting: RHB Jeckel Hester
|
0-0: Ground out 4-3 (Groundball, 4, EV 96.9 MPH)
|
|
Pitching: RHP Nelson Dawson
|
|
|
Batting: SHB Bartholomeu Chambino
|
0-0: Called Strike 0-1: Ball 1-1: Ball 2-1: SINGLE (Line Drive, 9S, EV 108.8 MPH)
|
|
Batting: SHB Gus Berry
|
0-0: Ball 1-0: Grounds into double play, 4-6-3 (Groundball, 4, EV 105.0 MPH)
|
| Top of the 8th over - 0 runs, 1 hit, 0 errors, 0 left on base; New York 1 - Montreal 5 |
| BOTTOM OF THE 8TH |
|
Montreal Expos batting - Pitching for New York Yankees : LHP Arturo Eli
|
|
Pitching: LHP Robert Cruz
|
|
|
Batting: SHB Joey Pacheco
|
0-0: Ball 1-0: Called Strike 1-1: Ball 2-1: Swinging Strike 2-2: Strikes out swinging
|
|
Batting: RHB Jonathan Fraire
|
0-0: Ball 1-0: Foul Ball, location: 2F 1-1: Foul Ball, location: 2F 1-2: Foul Ball, location: 2F 1-2: Ball 2-2: Foul Ball, location: 2F 2-2: Strikes out swinging
|
|
Batting: RHB Tommy Mize
|
0-0: Ground out 5-3 (Groundball, 5, EV 81.2 MPH)
|
| Bottom of the 8th over - 0 runs, 0 hits, 0 errors, 0 left on base; New York 1 - Montreal 5 |
| TOP OF THE 9TH |
|
New York Yankees batting - Pitching for Montreal Expos : RHP Nelson Dawson
|
|
Batting: RHB Adriaan Pieters
|
0-0: SINGLE (Line Drive, 89M, EV 98.1 MPH)
|
|
Batting: SHB Mukhtar Wa'il
|
0-0: TRIPLE (Flyball, 89XD, EV 99.4 MPH) Adriaan Pieters scores
|
|
Pitching: RHP Jakub Kvacek
|
|
|
Batting: RHB Shiro Suehiro
|
0-0: Ball 1-0: Ball 2-0: Ball 3-0: Base on Balls
|
|
Batting: RHB Ryan Neal
|
0-0: Ball 1-0: Called Strike 1-1: Ball 2-1: Ball 3-1: Fly out, F8 (Flyball, 89M, EV 82.5 MPH) Lined into DP, 8-5 (Flyball, 89M, EV 82.5 MPH)
|
|
Batting: LHB Dan Morris
|
0-0: Foul Ball, location: 2F 0-1: Ground out 4-3 (Groundball, 4MS, EV 80.6 MPH)
|
| Top of the 9th over - 1 run, 2 hits, 0 errors, 1 left on base; New York 2 - Montreal 5 |
|